 Dungeon Crawl Stone Soup version 0.27.1-34-g3ba077fa99 (webtiles) character file.

Game seed: 14872201269356772276

213 Labrat the Magician (level 6, -5/44 HPs)
             Began as a Human Hedge Wizard on Jan 13, 2022.
             Killed by miscasting Mephitic Cloud (9 damage)
             ... on level 2 of the Dungeon.
             The game lasted 00:15:03 (4933 turns).

Labrat the Magician (Human Hedge Wizard)            Turns: 4933, Time: 00:15:03

Health: -5/44      AC:  5    Str: 10    XL:     6   Next: 14%
Magic:  4/11       EV: 12    Int: 16    God:
Gold:   156        SH:  0    Dex: 13    Spells: 4/12 levels left

rFire    + . .     SeeInvis .   v - +6 club
rCold    . . .     Faith    .   (no shield)
rNeg     . . .     Spirit   .   b - +0 robe
rPois    .         Reflect  .   w - +0 helmet
rElec    .         Harm     .   n - +0 cloak
rCorr    .         Rampage  .   (no gloves)
Will     .....                  l - +0 pair of boots
Stlth    ++........             (no amulet)
HPRegen  0.14/turn              d - ring of protection from fire
MPRegen  0.12/turn              (no ring)

@: very slightly contaminated
A: no striking features
a: no special abilities


You were on level 2 of the Dungeon.
You visited 1 branch of the dungeon, and saw 3 of its levels.

You collected 156 gold pieces.

Inventory:

Hand Weapons
 c - a +3 dagger of holy wrath
 h - a +0 dagger of venom
 m - a +1 dagger of electrocution
 v - a +6 club (weapon)
Missiles
 e - 2 datura-tipped darts
 r - 19 poisoned darts (quivered)
Armour
 b - a +0 robe (worn)
 l - a +0 pair of boots (worn)
 n - a +0 cloak (worn)
 o - a scarf of invisibility
 w - a +0 helmet (worn)
Jewellery
 d - a ring of protection from fire (left hand)
Wands
 t - a wand of flame (11)
Scrolls
 a - 2 scrolls of identify {unknown}
 i - a scroll of enchant armour {unknown}
 j - 3 scrolls of magic mapping {unknown}
 k - 2 scrolls of teleportation {unknown}
 p - 2 scrolls of noise {unknown}
 q - a scroll of enchant weapon {unknown}
Potions
 f - a potion of flight {unknown}
 g - a potion of curing {unknown}
 s - a potion of cancellation {unknown}
 u - 2 potions of lignification {unknown}
 x - a potion of berserk rage {unknown}


   Skills:
 + Level 1.9 Fighting
 + Level 2.8 Dodging
 - Level 2.0 Stealth
 + Level 3.5 Spellcasting
 * Level 3.0 Conjurations
 + Level 2.1 Summonings
 + Level 2.0 Translocations


You had 4 spell levels left.
You knew the following spells:

 Your Spells              Type           Power      Damage    Failure   Level
a - Magic Dart            Conj           48%        1d5       4%          1
b - Blink                 Tloc           N/A        N/A       12%         2
c - Call Imp              Summ           9%         N/A       11%         2
e - Mephitic Cloud        Conj/Pois/Air  6%         N/A       34%         3

Your spell library contained the following spells:

 Spells                   Type           Power      Damage    Failure   Level
 Ensorcelled Hibernation  Hex/Ice        4%         N/A       26%         2
 Slow                     Hex            2%         N/A       26%         2
 Conjure Flame            Conj/Fire      7%         6-21      28%         3
 Spider Form              Tmut/Pois      1%         N/A       47%         3
 Shadow Creatures         Summ           N/A        N/A       100%        6


Dungeon Overview and Level Annotations

Branches:
Dungeon (3/15)

Altars:


Message History

The gnoll hits you from afar with a +0 spear.
You struggle against the net.
The gnoll barely misses you.
The gnoll hits you from afar with a +0 spear.
You rip the net and break free!
The gnoll misses you.
The gnoll hits you from afar with a +0 spear.
The gnoll completely misses you.
There is a stone staircase leading up here.
The gnoll closely misses you.
There is a stone staircase leading up here.
The gnoll misses you.
You climb upwards.
There is a stone staircase leading down here.
You hit the gnoll.
The gnoll is lightly wounded.
The gnoll barely misses you.
You barely miss the gnoll.
The gnoll is lightly wounded.
The gnoll hits you with a +0 halberd!
You hit the gnoll.
The gnoll is heavily wounded.
The gnoll closely misses you. The gnoll hits you with a +0 halberd!
You closely miss the gnoll.
The gnoll is heavily wounded.
The gnoll closely misses you.
You closely miss the gnoll.
The gnoll is heavily wounded.
The gnoll hits you with a +0 halberd!
* * * LOW HITPOINT WARNING * * *
Casting: Magic Dart (safe; 4% risk of failure)
Confirm with . or Enter, or press ? or * to list all spells.
You blink.
Casting: Blink (safe; 12% risk of failure)
Confirm with . or Enter, or press ? or * to list all spells.
The spell is quite dangerous to cast (34% risk of failure)!
Continue anyway?
Aiming: Mephitic Cloud (quite dangerous; 34% risk of failure)
Press: ? - help, Shift-Dir - straight line You miscast Mephitic Cloud.
You are very lightly contaminated with residual magic.
A wave of violent energy washes through your body!
You die...

...........##....# ###.######
##...†.....##....# #......#
.#.†.......###>..# #...####
.#...........#...######...###
.#.####.####.#g..#..........#####
.#....<.####.#...#....#..........
.########....#...#....#.#......##
....##.......#...#.......#...#>#
.....#....)..#..@#....#....#.#.#
.....#...........#...>#.##...#.##
.....#......##.###...........#...
.....#......##.# #.............##
...............###...............
##..##.......................#.##
#..##........####.#.##..........
#....##.#.##.# #.#.#......[####
##.##.##.#.##.# #.#.#.....#.####


You could see a gnoll.

Vanquished Creatures
  Ijyb (D:3)
  Jessica (D:3)
  Terence (D:3)
  Robin (D:3)
  A gnoll (D:3)
  4 adders
  2 worms
  A dart slug (D:1)
  13 ball pythons
  7 endoplasms
  3 giant cockroaches
  9 goblins
  3 hobgoblins
  3 kobolds (D:1)
  5 quokkas
  8 bats
  3 frilled lizards
  4 rats
70 creatures vanquished.

Vanquished Creatures (others)
  A plant (D:2)
1 creature vanquished.

Grand Total: 71 creatures vanquished

Notes
Turn   | Place    | Note
-------+----------+-------------------------------------------
     0 | D:1      | Labrat the Human Hedge Wizard began the quest for the Orb.
     0 | D:1      | Reached XP level 1. HP: 13/13 MP: 4/4
   513 | D:1      | Reached XP level 2. HP: 19/19 MP: 3/6
   997 | D:1      | Reached XP level 3. HP: 22/25 MP: 4/7
  2029 | D:2      | Reached XP level 4. HP: 31/31 MP: 5/8
  2058 | D:2      | Reached skill level 1 in Fighting
  2834 | D:2      | Learned a level 2 spell: Call Imp
  2837 | D:2      | Learned a level 2 spell: Blink
  3331 | D:2      | Learned a level 3 spell: Mephitic Cloud
  3382 | D:3      | Noticed Terence
  3398 | D:3      | Killed Terence
  3399 | D:3      | Reached XP level 5. HP: 34/37 MP: 10/10
  3607 | D:3      | Noticed Robin
  3632 | D:3      | Killed Robin
  3883 | D:3      | Noticed Jessica
  3889 | D:3      | Killed Jessica
  4238 | D:3      | Noticed Ijyb
  4570 | D:3      | Killed Ijyb
  4571 | D:3      | Reached XP level 6. HP: 25/44 MP: 8/11
  4933 | D:2      | Killed by miscasting Mephitic Cloud

Illustrated notes

Levels and vault maps discovered:
D:1:      minmay_arrival_doors, layout_basic, nrook_loot_triangle
D:2:      layout_basic, minmay_shallow_snake_nest, uniq_crazy_yiuf_cottage
D:3:      layout_basic, roderic_serpentine_path, uniq_ijyb, uniq_terence,
          uniq_jessica, uniq_grinder, uniq_robin

Skill      XL: |  1  2  3  4  5  6 |
---------------+-------------------+-----
Conjurations   | 2 3 |  3.0
Fighting       | 1 |  1.9
Summonings     | 2 |  2.1
Translocations | 2 |  2.0
Dodging        | |  2.8
Stealth        | |  2.0
Spellcasting   | |  3.5

Action                   |  1- 3 |  4- 6 || total
-------------------------+-------+-------++-------
Melee: Dagger            |    24 |    67 ||    91
       Club              |       |    33 ||    33
Throw: Dart              |       |    12 ||    12
 Cast: Magic Dart        |    73 |    53 ||   126
       Blink             |       |     2 ||     2
       Call Imp          |       |     1 ||     1
 Stab: Sleeping          |     2 |     1 ||     3
Armor: Robe              |     2 |    30 ||    32
Dodge: Dodged            |    17 |    71 ||    88
